 Dungeon Crawl Stone Soup version 0.31-a0-175-g9f7f995f2b (webtiles) character file.

Game seed: 15066484997645481264

306742 qw the Slayer (level 21, -22/156 HPs)
             Began as a Gargoyle Hunter on June 16, 2023.
             Was a High Priest of Okawaru.
             Annihilated by a death yak (33 damage)
             ... summoned by a spriggan berserker
             ... on level 1 of the Depths.
             The game lasted 00:22:56 (37180 turns).

qw the Slayer (Gargoyle Hunter)                    Turns: 37180, Time: 00:22:57

Health: -22/156    AC: 40    Str: 15    XL:     21   Next: 17%
Magic:  27/28      EV: 31    Int: 13    God:    Okawaru [*****.]
Gold:   851        SH:  0    Dex: 24    Spells: 20/20 levels left

rFire   + . .        C - +3 longbow (flame)
rCold   + . .        (shield currently unavailable)
rNeg    + . .        G - +4 ring mail of the Rose {Will+}
rPois   inf          u - +1 helmet "Punnyatt" {Slay+5 Stlth+}
rElec   +            H - scarf "Taocrom" {repulsion, rC+ Int+5}
rCorr   +            q - +2 pair of gloves
SInv    +            b - +2 pair of boots
Will    ++...        x - amulet of Circularity {Acrobat rC+ rCorr Str-3 Dex+3}
Stlth   ++++         j - +5 ring of evasion
HPRegen 0.46/turn    s - ring "Dubbeqa" {Fire Str+2 Int-4 SInv}
MPRegen 0.21/turn

%: repel missiles, acrobat
@: heroic, flying
A: sickness immunity, AC +16, big wings, negative energy resistance 1,
electricity resistance, torment resistance 1, petrification resistance
}: 2/15 runes: decaying, serpentine
a: Renounce Religion, Heroism, Finesse, Duel


You were on level 1 of the Depths.
You worshipped Okawaru.
Okawaru was extremely pleased with you.
You visited 8 branches of the dungeon, and saw 36 of its levels.

You collected 5199 gold pieces.
You spent 4348 gold pieces at shops.


Innate Abilities, Weirdness & Mutations

You are immune to sickness and miasma.
Your stone body is resilient. (AC +16)
You are immune to poison.
Your large and strong wings let you fly.
You resist negative energy. (rN+)
You are resistant to electric shocks. (rElec)
You are resistant to unholy torment.
You are immune to petrification.


   Skills:
 - Level 24.1(27) Fighting
 - Level 20.0(25.0) Ranged Weapons
 - Level 15.0(20.0) Armour
 + Level 14.5(19.5) Dodging
 - Level 1.1(6.1) Stealth
 - Level 10.0 Invocations


You had 20 spell levels left.
You didn't know any spells.
Your spell library was empty.

Inventory:

Hand Weapons
 C - a +3 longbow of flaming (weapon)
Armour
 b - a +2 pair of boots (worn)
 c - a +0 troll leather armour
 o - a +2 ring mail of fire resistance
 q - a +2 pair of gloves (worn)
 t - a +2 cloak
 u - the +1 helmet "Punnyatt" (worn) {Slay+5 Stlth+}
   (You bought it in a shop on level 6 of the Dungeon)

   Slay:      It affects your accuracy & damage with ranged weapons and melee
   (+5).
   Stlth:     It makes you more stealthy.
 v - +0 acid dragon scales
 w - the +2 hat of Fyazeb {Harm rC+}
   (You found it on level 11 of the Dungeon)

   rC:        It protects you from cold.
   Harm:      It increases damage dealt and taken.
 G - the +4 ring mail of the Rose (worn) {Will+}
   (You bought it in a shop on level 2 of the Vaults)

   Will:      It increases your willpower.
 H - the scarf "Taocrom" (worn) {repulsion, rC+ Int+5}
   (Okawaru gifted it to you on level 3 of the Vaults)

   Int:       It affects your intelligence (+5).
   rC:        It protects you from cold.
 I - a +1 ring mail of cold resistance
Jewellery
 a - a ring of ice
 f - a ring of resist corrosion
 i - a +4 ring of protection
 j - a +5 ring of evasion (left hand)
 s - the ring "Dubbeqa" (right hand) {Fire Str+2 Int-4 SInv}
   (You found it on level 5 of the Lair of Beasts)

   [ring of fire]

   It enhances your fire magic.
   Str:       It affects your strength (+2).
   Int:       It affects your intelligence (-4).
   rF:        It protects you from fire.
   rC:        It makes you vulnerable to cold.
   SInv:      It lets you see invisible.
 x - the amulet of Circularity (around neck) {Acrobat rC+ rCorr Str-3 Dex+3}
   (You found it on level 5 of the Lair of Beasts)

   [amulet of the acrobat]

   It increases your evasion while moving and waiting.
   Str:       It affects your strength (-3).
   Dex:       It affects your dexterity (+3).
   rC:        It protects you from cold.
   rCorr:     It protects you from acid and corrosion.
 y - a ring of resist corrosion
 A - an amulet of reflection
 B - a ring of protection from cold
 D - a ring of fire
Scrolls
 e - 11 scrolls of identify
 h - a scroll of enchant armour
Potions
 d - 10 potions of attraction
 g - 4 potions of haste
 k - 7 potions of might
 l - 9 potions of curing
 m - 5 potions of magic
 n - 13 potions of mutation
 p - 2 potions of lignification
 E - a potion of resistance
 F - a potion of cancellation

Dungeon Overview and Level Annotations

Branches:
Dungeon (15/15)            Temple (1/1) D:5            Lair (5/5) D:10
  Swamp (4/4) Lair:2        Snake (4/4) Lair:2        Slime (0/5) Lair:4
    Orc (2/2) D:11            Elf (0/3) Orc:2        Vaults (4/5) D:13
  Crypt (0/3) Vaults:3     Depths (1/4) D:15

Altars:
Ashenzari
Cheibriados
Dithmenos
Elyvilon
Fedhas
Gozag
Hepliaklqana
Kikubaaqudgha
Makhleb
Nemelex Xobeh
Okawaru
Qazlal
Ru
Sif Muna
Trog
Uskayaw
Vehumet
Wu Jian
Xom
Yredelemnul
Zin
The Shining One
Jiyva

Shops:
D:3 !   D:6 [   D:7 !   D:8 [   D:15 *:?   Orc:2 (=*!   Snake:2 :=:
Snake:4 [(   Vaults:2 [   Vaults:4 :

Portals:
Trove: D:12 (give 12 potions of heal wounds)
Bailey: D:8

Annotations:
D:4 2 transporters, qw's ghost, amateur GrFi
D:14 3 runed translucent doors, qw's ghost, journeyman GrHu
D:15 exclusion: zombie
Lair:4 3 runed translucent doors, qw's ghost, journeyman GrFi
Swamp:1 1 runed translucent door, qw's ghost, adept GrFi
Vaults:1 1 runed translucent door, 2 transporters, qw's ghost, adept GrHu
Vaults:2 1 runed translucent door


Message History

The death yak gores you but does no damage.
The fire dragon misses you.
The fire dragon completely misses you. x2
The sun demon misses you.
The white ugly thing completely misses you.
The brown very ugly thing completely misses you.
Enter note:
Enter note:
Enter note:
Enter note:
Enter note:
Enter note:
Enter note:
Enter note: You shoot an arrow.
The arrow hits the death yak!!
The arrow burns the death yak!
The death yak is moderately wounded.
The death yak gores you!
The cyan ugly thing completely misses you.
The fire dragon misses you.
The fire dragon claws you but does no damage.
The fire dragon barely misses you.
The purple ugly thing completely misses you.
The fire dragon completely misses you. x2
The fire dragon tramples you but does no damage.
The glowing orange brain blinks!
The sun demon closely misses you.
The rakshasa blinks! x2
The white ugly thing closely misses you.
Enter note:
Enter note:
Enter note:
Enter note:
Enter note:
Enter note:
Enter note:
Enter note: You shoot an arrow.
The arrow hits the death yak!!
The arrow burns the death yak.
The death yak is heavily wounded.
The death yak gores you!!
You die...

...............
......¤........
............R/.
>..............
.......V..G....
......ihWZ.....
.....RDuYV.....
#..C¤Cu@uz..¤..
#....uDu3......
..###.u###R....
### .... ... ..
#


You could see a frost giant, a brown very ugly thing, a fire giant, 2 fire
dragons, a death yak (summoned, berserk), 5 ugly things, 3 rakshasas, a jiangshi
(summoned), a glowing orange brain, a sun demon, a vampire mage (invisible), a
spriggan berserker (berserk), a phantasmal warrior (summoned), a polar bear
(summoned, berserk), a flying skull (summoned) and a frost giant simulacrum
(summoned).

Vanquished Creatures
  Vashnia (Snake:3)
  Xtahua (Vaults:3)
  A titan (Vaults:4)
  4 sphinxes
  Gastronok (D:12)
  Frances (D:13)
  Kirke (Snake:1)
  A thorn hunter (Swamp:4)
  A tengu reaver (Vaults:4)
  An azure jelly (D:15)
  5 nagarajas
  A frost giant (Vaults:1)
  Louise (Swamp:4)
  A juggernaut zombie (D:15)
  7 vault wardens
  An orc warlord (Vaults:4)
  A formless jellyfish (Vaults:3)
  8 very ugly things (Depths:1)
  8 ironbound thunderhulks
  9 ironbound preservers
  7 eleionomae
  6 dire elephants
  4 spark wasps (Depths:1)
  3 bunyips
  2 ettins
  Josephine (D:11)
  10 yaktaur captains
  2 entropy weavers
  7 great orbs of eyes
  A deep elf high priest (Vaults:4)
  A shambling mangrove (Swamp:4)
  2 salamander tyrants
  33 hydras
  Erolcha (Orc:2)
  A vault guard (Vaults:4)
  An ogre mage (D:15)
  A catoblepas (Lair:5)
  15 centaur warriors
  11 ironbound frosthearts
  12 anacondas
  3 boulder beetles
  5 alligators
  6 two-headed ogres
  11 naga warriors
  6 shock serpents
  A tengu warrior (D:14)
  19 naga sharpshooters
  2 spriggan berserkers
  A vampire mage (D:15)
  3 skysharks
  Sonja (D:12)
  5 hell knights (Vaults:4)
  Nergalle (Lair:1)
  7 goliath frogs
  13 skeletal warriors
  21 deep trolls
  2 glowing orange brains
  3 salamander mystics
  6 sea snakes
  9 naga ritualists
  5 harpies (Vaults:1)
  9 bog bodies
  8 swamp dragons
  8 wizards
  A phantasmal warrior (Vaults:3)
  9 spriggan druids
  15 ironbound convokers
  A fire giant zombie (D:15)
  2 deep elf pyromancers
  5 necromancers
  8 lindwurms
  14 mana vipers
  A sphinx zombie (D:15)
  22 ugly things
  3 oklob plants (Lair:4)
  14 orc knights
  An orc sorcerer (Orc:2)
  13 elephants
  A stone giant zombie (D:15)
  A will-o-the-wisp (Swamp:1)
  5 guardian serpents
  15 salamanders
  3 manticores
  7 cyclopes
  A guardian serpent (shapeshifter) (D:13)
  25 black mambas
  20 naga magi
  11 vault sentinels
  A gargoyle (D:12)
  2 unseen horrors (D:11)
  23 cane toads
  2 rime drakes
  38 yaktaurs
  2 freezing wraiths (D:15)
  An efreet (D:13)
  A tengu conjurer (Depths:1)
  19 komodo dragons
  2 bloated husks
  12 hornets
  5 trolls
  9 tyrant leeches
  A wind drake (shapeshifter) (D:15)
  3 polar bears
  A dream sheep (Lair:2)
  27 blink frogs
  39 slime creatures
  A jumping spider (Vaults:3)
  2 shadows
  2 vampires
  18 spriggans
  22 yaks
  A water elemental (D:15)
  8 wraiths
  6 wyverns
  2 hogs (Snake:1)
  Eustachio (D:6)
  A human (shapeshifter) (D:14)
  2 humans (Snake:1)
  2 redbacks (Vaults:3)
  3 fire bats (Lair:5)
  13 vampire mosquitoes
  9 basilisks
  3 steam dragons
  8 wargs
  Menkaure (D:7)
  13 swamp worms
  Edmund (D:5)
  43 nagas
  An acid dragon (D:10)
  12 water moccasins
  7 swamp drakes
  3 ice beasts
  A black bear (D:8)
  9 ogres
  34 orc warriors
  4 boggarts (Vaults:2)
  26 wolves
  2 centaurs
  5 kobold brigands
  15 bullfrogs
  A gnoll sergeant (D:5)
  3 scorpions
  10 wights
  8 killer bees
  5 howler monkeys
  4 electric eels
  4 hounds
  A jelly (D:8)
  16 orc priests
  2 gnoll boudas
  6 iguanas
  5 sleepcaps
  20 orc wizards
  17 gnolls
  10 adders
  A white imp (D:8)
  A worm (D:4)
  4 dart slugs
  94 orcs
  3 endoplasms
  6 giant cockroaches
  9 goblins
  8 hobgoblins
  2 jackals (D:1)
  15 kobolds
  4 quokkas
  8 ball pythons
  5 bats
  A frilled lizard (D:2)
  5 rats
  A spectral goblin (D:1)
1277 creatures vanquished.

Vanquished Creatures (others)
  A guardian serpent (Snake:4)
  A bloated husk (Swamp:4)
  An orc (Orc:2)
  4 foxfires (Swamp:1)
7 creatures vanquished.

Grand Total: 1284 creatures vanquished

Notes
Turn   | Place    | Note
-------+----------+-------------------------------------------
     0 | D:1      | qw the Gargoyle Hunter began the quest for the Orb.
     0 | D:1      | Reached XP level 1. HP: 12/12 MP: 1/1
     0 | D:1      | 0 ||| qw: Version: 0.2-a-29-g511e9b1
     0 | D:1      | 0 ||| qw: Game counter: 5715
     0 | D:1      | 0 ||| qw: Always use a shield: true
     0 | D:1      | 0 ||| qw: God list: Okawaru
     0 | D:1      | 0 ||| qw: Allow faded altars: false
     0 | D:1      | 0 ||| qw: Do Orc after D:15 true
     0 | D:1      | 0 ||| qw: Do second Lair branch before Depths: true
     0 | D:1      | 0 ||| qw: Lair rune preference: random
     0 | D:1      | 0 ||| qw: Plans: Normal, Zot:1-4, Slime:5, God:TSO, Crypt,
                  | Tomb, Abyss, Pan, Hells, Win
     0 | D:1      | 0 ||| PLANNING D:1-11
   205 | D:1      | Reached XP level 2. HP: 17/17 MP: 2/2
   238 | D:1      | Found a faded altar of an unknown god.
   240 | D:1      | 240 ||| Stepping ~*~*~tactically~*~*~ (water).
   242 | D:1      | 242 ||| Stepping ~*~*~tactically~*~*~ (water).
   258 | D:1      | 258 ||| Stepping ~*~*~tactically~*~*~ (water).
   885 | D:1      | 885 ||| UPGRADING to amulet of the acrobat.
   890 | D:1      | 890 ||| READING scroll labelled CESO HAYGE.
   991 | D:1      | 991 ||| READING scroll labelled LOHONL AMIESOMAGU.
   991 | D:1      | Identified a scroll of acquirement
   991 | D:1      | 991 ||| ACQUIRING 1074 gold pieces
   991 | D:1      | Acquired 1074 gold pieces
   993 | D:1      | 993 ||| DROPPING scroll of butterflies.
  1032 | D:2      | Reached XP level 3. HP: 21/21 MP: 3/3
  1722 | D:2      | 1722 ||| UPGRADING to +0 pair of gloves.
  1727 | D:2      | 1727 ||| UPGRADING to +0 ring mail.
  1737 | D:2      | 1737 ||| DROPPING +0 leather armour.
  1738 | D:2      | 1738 ||| READING scroll labelled ORYLLAELIDGH.
  1739 | D:2      | 1739 ||| READING scroll labelled COBEVE ISUHYL.
  1740 | D:2      | 1740 ||| DRINKING 2 red potions.
  1878 | D:3      | Reached skill level 1 in Armour
  1978 | D:3      | Found an ornate altar of the Wu Jian Council.
  2156 | D:3      | Found Cakhuq's Distillery.
  2164 | D:3      | 2164 ||| BUYING 2 potions of heal wounds (120 gold).
  2164 | D:3      | Bought 2 potions of heal wounds for 120 gold pieces
  2164 | D:3      | 2164 ||| BUYING potion of attraction (36 gold).
  2164 | D:3      | Bought a potion of attraction for 36 gold pieces
  2164 | D:3      | 2164 ||| BUYING potion of curing (36 gold).
  2164 | D:3      | Bought a potion of curing for 36 gold pieces
  2164 | D:3      | 2164 ||| BUYING potion of magic (96 gold).
  2164 | D:3      | Bought a potion of magic for 96 gold pieces
  2164 | D:3      | 2164 ||| BUYING potion of mutation (96 gold).
  2164 | D:3      | Bought a potion of mutation for 96 gold pieces
  2164 | D:3      | 2164 ||| BUYING potion of resistance (120 gold).
  2164 | D:3      | Bought a potion of resistance for 120 gold pieces
  2175 | D:3      | Reached skill level 3 in Fighting
  2175 | D:3      | Reached XP level 4. HP: 26/28 MP: 4/4
  2353 | D:3      | Found a hide-covered altar of Uskayaw.
  2372 | D:3      | 2372 ||| UPGRADING to +2 pair of gloves.
  2382 | D:3      | 2382 ||| DROPPING +0 pair of gloves.
  2383 | D:3      | 2383 ||| UPGRADING to +5 ring of evasion.
  2384 | D:3      | 2384 ||| READING scroll labelled ROETIO IJEH.
  2385 | D:3      | 2385 ||| READING scroll labelled CURARE SUZXA.
  2490 | D:4      | Noticed an ogre
  2501 | D:4      | HP: 7/28 [frozen (1)]
  2502 | D:4      | 2502 ||| DRINKING 3 potions of heal wounds.
  2502 | D:4      | HP: 3/28 [frozen (5)]
  2503 | D:4      | 2503 ||| DRINKING 2 potions of heal wounds.
  2504 | D:4      | Killed an ogre
  2505 | D:4      | Reached skill level 6 in Ranged Weapons
  2505 | D:4      | Reached XP level 5. HP: 30/32 MP: 5/5
  2569 | D:4      | Found a transporter.
  2583 | D:4      | Noticed qw's ghost (amateur GrFi)
  2592 | D:4      | Found a transporter.
  2702 | D:4      | Reached XP level 6. HP: 38/38 MP: 6/6
  2717 | D:4      | Reached skill level 4 in Fighting
  2720 | D:4      | Found a white marble altar of Elyvilon.
  3031 | D:4      | Found a blossoming altar of Fedhas.
  3192 | D:4      | 3192 ||| UPGRADING to +0 pair of boots.
  3197 | D:4      | 3197 ||| DROPPING ring of flight.
  3198 | D:4      | 3198 ||| READING 2 scrolls labelled TEPUWI XEWODA.
  3202 | D:4      | 3202 ||| READING 2 scrolls of identify.
  3202 | D:4      | 3202 ||| IDENTIFYING clear potion
  3220 | D:5      | Entered Level 5 of the Dungeon
  3297 | D:5      | Reached XP level 7. HP: 26/43 MP: 7/7
  3500 | D:5      | Found an opulent altar of Gozag.
  3504 | D:5      | Found a staircase to the Ecumenical Temple.
  3505 | D:5      | 3505 ||| PLANNING TEMPLE
  3537 | D:5      | 3537 ||| FLEEEEING.
  3538 | D:5      | 3538 ||| FLEEEEING.
  3539 | D:5      | 3539 ||| FLEEEEING.
  3540 | D:5      | 3540 ||| FLEEEEING.
  3541 | D:5      | 3541 ||| FLEEEEING.
  3542 | D:5      | 3542 ||| FLEEEEING.
  3543 | D:5      | 3543 ||| FLEEEEING.
  3544 | D:5      | 3544 ||| FLEEEEING.
  3546 | D:5      | 3546 ||| FLEEEEING.
  3616 | D:5      | Found a stormy altar of Qazlal.
  3620 | D:5      | Found a glowing golden altar of the Shining One.
  3714 | D:5      | Reached skill level 5 in Fighting
  3753 | D:5      | Reached XP level 8. HP: 49/49 MP: 8/8
  4031 | Temple   | Entered the Ecumenical Temple
  4074 | Temple   | 4074 ||| PLANNING OKAWARU WORSHIP
  4224 | Temple   | Became a worshipper of Warmaster Okawaru
  4225 | Temple   | 4225 ||| PLANNING D:1-11
  4311 | D:5      | 4311 ||| Stepping ~*~*~tactically~*~*~ (outnumbered).
  4313 | D:5      | 4313 ||| Stepping ~*~*~tactically~*~*~ (outnumbered).
  4316 | D:5      | 4316 ||| Stepping ~*~*~tactically~*~*~ (outnumbered).
  4541 | D:6      | Found a burning altar of Makhleb.
  4546 | D:6      | Reached skill level 9 in Ranged Weapons
  4549 | D:6      | 4549 ||| Stepping ~*~*~tactically~*~*~ (outnumbered).
  4560 | D:6      | Noticed Edmund
  4561 | D:6      | 4561 ||| FLEEEEING.
  4562 | D:6      | 4562 ||| FLEEEEING.
  4563 | D:6      | 4563 ||| FLEEEEING.
  4564 | D:6      | 4564 ||| FLEEEEING.
  4566 | D:6      | 4566 ||| FLEEEEING.
  4567 | D:6      | 4567 ||| STAIRDANCE
  4616 | D:6      | 4616 ||| STAIRDANCE
  4631 | D:5      | HP: 10/51 [Edmund/+2 flail of protection (5)]
  4632 | D:5      | 4632 ||| READING 2 scrolls of teleportation.
  4633 | D:5      | 4633 ||| DRINKING potion of heal wounds.
  4725 | D:5      | Killed Edmund
  4726 | D:5      | Reached skill level 6 in Fighting
  4744 | D:6      | Noticed Eustachio
  4771 | D:6      | Killed Eustachio
  4837 | D:6      | Reached * piety under Okawaru
  4838 | D:6      | Reached XP level 9. HP: 55/55 MP: 9/9
  4988 | D:6      | Reached skill level 1 in Invocations
  5023 | D:6      | 5023 ||| INVOKING Heroism.
  5125 | D:6      | Found Rymo's Antique Armour Emporium.
  5128 | D:6      | 5128 ||| BUYING spiked helmet (294 gold).
  5128 | D:6      | Bought a spiked helmet for 294 gold pieces
  5128 | D:6      | Identified the +1 helmet "Punnyatt" {Slay+5 Stlth+} (You
                  | bought it in a shop on level 6 of the Dungeon)
  5201 | D:6      | Found a hazy altar of Hepliaklqana.
  5272 | D:6      | 5272 ||| UPGRADING to +0 cloak.
  5277 | D:6      | 5277 ||| UPGRADING to +1 helmet "Punnyatt" {Slay+5 Stlth+}.
  5282 | D:6      | 5282 ||| READING scroll labelled FUPLOK DUUTI.
  5283 | D:6      | 5283 ||| READING scroll labelled LED NAITILELIO.
  5284 | D:6      | 5284 ||| DRINKING 2 inky potions.
  5285 | D:6      | 5285 ||| READING 2 scrolls of identify.
  5285 | D:6      | 5285 ||| IDENTIFYING metallic dark potion
  5286 | D:6      | 5286 ||| DROPPING potion of invisibility.
  5287 | D:6      | 5287 ||| DROPPING potion of degeneration.
  5385 | D:7      | Found a shadowy altar of Dithmenos.
  5397 | D:7      | Reached skill level 3 in Armour
  5520 | D:7      | Reached skill level 3 in Invocations
  5594 | D:7      | 5594 ||| INVOKING Heroism.
  5598 | D:7      | 5598 ||| Stepping ~*~*~tactically~*~*~ (cloud).
  5599 | D:7      | 5599 ||| Stepping ~*~*~tactically~*~*~ (cloud).
  5646 | D:7      | Noticed Menkaure
  5647 | D:7      | 5647 ||| INVOKING Heroism.
  5650 | D:7      | Killed Menkaure
  5706 | D:7      | Found Hoegh's Distillery.
  5715 | D:7      | 5715 ||| BUYING potion of curing (45 gold).
  5715 | D:7      | Bought a potion of curing for 45 gold pieces
  5715 | D:7      | 5715 ||| BUYING potion of magic (120 gold).
  5715 | D:7      | Bought a potion of magic for 120 gold pieces
  5715 | D:7      | 5715 ||| BUYING potion of might (60 gold).
  5715 | D:7      | Bought a potion of might for 60 gold pieces
  5715 | D:7      | 5715 ||| BUYING potion of mutation (120 gold).
  5715 | D:7      | Bought a potion of mutation for 120 gold pieces
  5715 | D:7      | 5715 ||| BUYING potion of mutation (120 gold).
  5715 | D:7      | Bought a potion of mutation for 120 gold pieces
  6113 | D:7      | 6113 ||| UPGRADING to +0 steam dragon scales.
  6123 | D:7      | 6123 ||| DROPPING +0 ring mail.
  6153 | D:8      | Found Doezasor's Armour Shoppe.
  6157 | D:8      | 6157 ||| SHOPLISTING +3 leather armour of cold resistance
                  | (312 gold, have 247).
  6178 | D:8      | Found a shimmering blue altar of Sif Muna.
  6193 | D:8      | 6193 ||| INVOKING Heroism.
  6226 | D:8      | 6226 ||| INVOKING Heroism.
  6234 | D:8      | Reached skill level 3 in Dodging
  6274 | D:8      | 6274 ||| INVOKING Heroism.
  6318 | D:8      | Noticed a hornet
  6337 | D:8      | Killed a hornet
  6337 | D:8      | Reached ** piety under Okawaru
  6338 | D:8      | Reached skill level 7 in Fighting
  6356 | D:8      | Found a flagged portal.
  6529 | D:8      | 6529 ||| Stepping ~*~*~tactically~*~*~ (outnumbered).
  6531 | D:8      | 6531 ||| Stepping ~*~*~tactically~*~*~ (outnumbered).
  6532 | D:8      | 6532 ||| Stepping ~*~*~tactically~*~*~ (outnumbered).
  6535 | D:8      | 6535 ||| Stepping ~*~*~tactically~*~*~ (outnumbered).
  6543 | D:8      | Reached XP level 10. HP: 63/63 MP: 13/13
  6572 | D:8      | 6572 ||| INVOKING Heroism.
  6574 | D:8      | 6574 ||| Stepping ~*~*~tactically~*~*~ (outnumbered).
  6638 | D:8      | Reached skill level 8 in Fighting
  6697 | D:8      | Found a glowing silver altar of Zin.
  6698 | D:8      | 6698 ||| INVOKING Heroism.
  6700 | D:8      | 6700 ||| Stepping ~*~*~tactically~*~*~ (outnumbered).
  6805 | D:8      | 6805 ||| UPGRADING to +0 arbalest.
  6806 | D:8      | 6806 ||| DROPPING +1 shortbow.
  6829 | D:8      | 6829 ||| READING scroll labelled SAUTAI ERIWEZI.
  6843 | D:8      | 6843 ||| Stepping randomly (stuck).
  7039 | D:9      | 7039 ||| INVOKING Heroism.
  7277 | D:9      | Reached skill level 12 in Ranged Weapons
  7385 | D:9      | 7385 ||| INVOKING Heroism.
  7624 | D:9      | 7624 ||| UPGRADING to +6 ring of strength.
  7625 | D:9      | 7625 ||| READING scroll labelled JIKHUI FACLE.
  7657 | D:10     | Entered Level 10 of the Dungeon
  7758 | D:10     | 7758 ||| INVOKING Heroism.
  7829 | D:10     | Reached *** piety under Okawaru
  7838 | D:10     | 7838 ||| INVOKING Heroism.
  8044 | D:10     | Found a broken altar of Ashenzari.
  8066 | D:10     | Received a gift from Okawaru
  8150 | D:10     | Found a staircase to the Lair.
  8184 | D:10     | 8184 ||| Stepping ~*~*~tactically~*~*~ (outnumbered).
  8187 | D:10     | 8187 ||| Stepping ~*~*~tactically~*~*~ (outnumbered).
  8289 | D:10     | Found a snail-covered altar of Cheibriados.
  8403 | D:10     | Reached XP level 11. HP: 57/69 MP: 14/14
  8543 | D:10     | Identified the +6 scale mail "Dixtuaf" {Harm rF- rC++
                  | Int+3}
  8664 | D:10     | 8664 ||| PLANNING LAIR
  8664 | D:10     | 8664 ||| UPGRADING to +0 acid dragon scales.
  8674 | D:10     | 8674 ||| READING scroll labelled DUAPRUSINOO.
  8675 | D:10     | 8675 ||| READING 4 scrolls of identify.
  8675 | D:10     | 8675 ||| IDENTIFYING viscous pink potion
  8676 | D:10     | 8676 ||| READING 3 scrolls of identify.
  8676 | D:10     | 8676 ||| IDENTIFYING ruby potion
  8677 | D:10     | 8677 ||| DROPPING potion of berserk rage.
  8736 | Lair:1   | Entered Level 1 of the Lair of Beasts
  8737 | Lair:1   | 8737 ||| INVOKING Heroism.
  8801 | Lair:1   | Reached skill level 9 in Fighting
  8804 | Lair:1   | 8804 ||| INVOKING Heroism.
  8817 | Lair:1   | Reached skill level 6 in Armour
  8902 | Lair:1   | 8902 ||| INVOKING Heroism.
  8920 | Lair:1   | Reached **** piety under Okawaru
  8925 | Lair:1   | 8925 ||| INVOKING Heroism.
  9071 | Lair:1   | Noticed a dire elephant
  9072 | Lair:1   | 9072 ||| INVOKING Heroism.
  9087 | Lair:1   | Killed a dire elephant
  9194 | Lair:1   | 9194 ||| INVOKING Heroism.
  9202 | Lair:1   | Reached skill level 6 in Invocations
  9246 | Lair:1   | 9246 ||| READING scroll of enchant weapon.
  9246 | Lair:1   | 9246 ||| ENCHANTING +0 arbalest.
  9298 | Lair:1   | 9298 ||| INVOKING Heroism.
  9446 | Lair:1   | 9446 ||| INVOKING Heroism.
  9479 | Lair:1   | Noticed Nergalle
  9480 | Lair:1   | 9480 ||| INVOKING Heroism.
  9484 | Lair:1   | Killed Nergalle
  9530 | Lair:1   | Reached XP level 12. HP: 77/77 MP: 17/17
  9531 | Lair:1   | Reached ***** piety under Okawaru
  9541 | Lair:1   | Reached skill level 10 in Fighting
  9650 | Lair:1   | 9650 ||| INVOKING Heroism.
  9763 | Lair:1   | 9763 ||| INVOKING Heroism.
 10043 | Lair:1   | 10043 ||| DROPPING +1 ring mail of positive energy.
 10050 | Lair:2   | 10050 ||| INVOKING Heroism.
 10174 | Lair:2   | 10174 ||| INVOKING Heroism.
 10196 | Lair:2   | 10196 ||| READING scroll labelled YTYOTA JIRHO.
 10313 | Lair:2   | 10313 ||| INVOKING Heroism.
 10336 | Lair:2   | Reached skill level 9 in Invocations
 10344 | Lair:2   | Noticed a six-headed hydra
 10344 | Lair:2   | Noticed a six-headed hydra
 10350 | Lair:2   | Killed a six-headed hydra
 10355 | Lair:2   | Killed a six-headed hydra
 10492 | Lair:2   | 10492 ||| INVOKING Heroism.
 10573 | Lair:2   | Found a staircase to the Swamp.
 10601 | Lair:2   | Noticed a five-headed hydra
 10602 | Lair:2   | 10602 ||| INVOKING Heroism.
 10610 | Lair:2   | Killed a five-headed hydra
 10611 | Lair:2   | Reached skill level 15 in Ranged Weapons
 10696 | Lair:2   | 10696 ||| INVOKING Heroism.
 10903 | Lair:2   | Found a staircase to the Snake Pit.
 11142 | Lair:2   | 11142 ||| INVOKING Heroism.
 11157 | Lair:2   | Noticed a six-headed hydra
 11157 | Lair:2   | Noticed a six-headed hydra
 11157 | Lair:2   | Noticed a six-headed hydra
 11158 | Lair:2   | 11158 ||| READING scroll labelled XEIPTO JIMI.
 11166 | Lair:2   | Killed a six-headed hydra
 11169 | Lair:2   | Killed a six-headed hydra
 11170 | Lair:2   | Reached XP level 13. HP: 55/82 MP: 20/20
 11458 | Lair:2   | 11458 ||| READING 3 scrolls labelled YSCHOBB KITHREATU.
 11459 | Lair:2   | 11459 ||| READING 2 scrolls labelled FUONILO CEOMN.
 11460 | Lair:2   | 11460 ||| DROPPING 2 scrolls of immolation.
 11461 | Lair:2   | 11461 ||| DROPPING scroll of revelation.
 11538 | Lair:3   | 11538 ||| READING scroll of brand weapon.
 11538 | Lair:3   | 11538 ||| BRANDING +1 arbalest of freezing.
 11576 | Lair:3   | 11576 ||| INVOKING Heroism.
 11595 | Lair:3   | Received a gift from Okawaru
 11610 | Lair:3   | 11610 ||| INVOKING Heroism.
 11644 | Lair:3   | Identified the +0 chain mail "Veowaz" {rElec rC- Regen+
                  | Str+3}
 11783 | Lair:3   | 11783 ||| INVOKING Heroism.
 11813 | Lair:3   | 11813 ||| READING scroll of enchant weapon.
 11813 | Lair:3   | 11813 ||| ENCHANTING +1 heavy arbalest.
 11986 | Lair:3   | 11986 ||| INVOKING Heroism.
 11987 | Lair:3   | 11987 ||| INVOKING Finesse.
 11990 | Lair:3   | Reached skill level 11 in Fighting
 12176 | Lair:3   | Identified the +6 scale mail "Hyzutt" {rPois rF+ rC-}
                  | (Okawaru gifted it to you on level 3 of the Lair of Beasts)
 12176 | Lair:3   | Received a gift from Okawaru
 12264 | Lair:4   | 12264 ||| INVOKING Heroism.
 12304 | Lair:4   | Noticed qw's ghost (journeyman GrFi)
 12334 | Lair:4   | 12334 ||| INVOKING Heroism.
 12335 | Lair:4   | 12335 ||| INVOKING Finesse.
 12370 | Lair:4   | 12370 ||| INVOKING Heroism.
 12419 | Lair:4   | Found a runed translucent gate.
 12419 | Lair:4   | Found a runed translucent gate.
 12420 | Lair:4   | Found a runed translucent gate.
 12461 | Lair:4   | 12461 ||| INVOKING Heroism.
 12580 | Lair:4   | 12580 ||| INVOKING Heroism.
 12798 | Lair:4   | 12798 ||| INVOKING Heroism.
 12814 | Lair:4   | Found a viscous altar of Jiyva.
 12814 | Lair:4   | Found a staircase to the Slime Pits.
 12921 | Lair:4   | 12921 ||| INVOKING Heroism.
 12957 | Lair:4   | 12957 ||| INVOKING Heroism.
 13391 | Lair:4   | 13391 ||| DROPPING +1 leather armour of poison resistance.
 13405 | Lair:5   | Entered Level 5 of the Lair of Beasts
 13406 | Lair:5   | 13406 ||| PLANNING GAUNTLET
 13420 | Lair:5   | 13420 ||| INVOKING Heroism.
 13458 | Lair:5   | Reached skill level 6 in Dodging
 13478 | Lair:5   | Gained mutation: Your large and strong wings let you fly.
                  | [Gargoyle growth]
 13478 | Lair:5   | Reached XP level 14. HP: 88/90 MP: 21/21
 13484 | Lair:5   | 13484 ||| INVOKING Heroism.
 13492 | Lair:5   | 13492 ||| INVOKING Heroism.
 13533 | Lair:5   | 13533 ||| FLEEEEING.
 13534 | Lair:5   | 13534 ||| FLEEEEING.
 13536 | Lair:5   | 13536 ||| INVOKING Heroism.
 13601 | Lair:5   | 13601 ||| FLEEEEING.
 13605 | Lair:5   | 13605 ||| STAIRDANCE
 13678 | Lair:5   | 13678 ||| STAIRDANCE
 13882 | Lair:5   | Found a dark tunnel.
 13997 | Lair:5   | Reached skill level 18 in Ranged Weapons
 14055 | Lair:5   | Identified the ring "Dubbeqa" {Fire Str+2 Int-4 SInv}
 14120 | Lair:5   | 14120 ||| INVOKING Heroism.
 14121 | Lair:5   | 14121 ||| INVOKING Finesse.
 14189 | Lair:5   | Reached skill level 12 in Fighting
 14222 | Lair:5   | Identified the amulet "Xojyloefo" {RegenMP Dex+2}
 14253 | Lair:5   | Reached skill level 9 in Armour
 14360 | Lair:5   | Identified the amulet of Circularity {Acrobat rC+ rCorr
                  | Str-3 Dex+3}
 14362 | Lair:5   | Identified the staff of fire "Filu" {rElec rPois rF+ MP+9
                  | Str+3}
 14456 | Lair:5   | 14456 ||| INVOKING Heroism.
 14662 | Lair:5   | 14662 ||| RIP GAUNTLET
 14662 | Lair:5   | 14662 ||| PLANNING D:1-11
 14662 | Lair:5   | 14662 ||| UPGRADING to amulet "Xojyloefo" {RegenMP Dex+2}.
 14672 | Lair:5   | 14672 ||| DROPPING amulet of the acrobat.
 14673 | Lair:5   | 14673 ||| UPGRADING to amulet of Circularity {Acrobat rC+
                  | rCorr Str-3 Dex+3}.
 14683 | Lair:5   | 14683 ||| UPGRADING to +0 steam dragon scales.
 14693 | Lair:5   | 14693 ||| DROPPING amulet "Xojyloefo" {RegenMP Dex+2}.
 14694 | Lair:5   | 14694 ||| UPGRADING to ring "Dubbeqa" {Fire Str+2 Int-4
                  | SInv}.
 14823 | D:11     | 14823 ||| INVOKING Heroism.
 14901 | D:11     | 14901 ||| INVOKING Heroism.
 15169 | D:11     | Identified the +2 hat of Fyazeb {Harm rC+}
 15194 | D:11     | 15194 ||| Stepping ~*~*~tactically~*~*~ (outnumbered).
 15215 | D:11     | 15215 ||| Stepping ~*~*~tactically~*~*~ (outnumbered).
 15218 | D:11     | 15218 ||| FLEEEEING.
 15225 | D:11     | 15225 ||| FLEEEEING.
 15226 | D:11     | 15226 ||| FLEEEEING.
 15227 | D:11     | 15227 ||| FLEEEEING.
 15228 | D:11     | 15228 ||| FLEEEEING.
 15230 | D:11     | 15230 ||| FLEEEEING.
 15231 | D:11     | 15231 ||| FLEEEEING.
 15232 | D:11     | 15232 ||| FLEEEEING.
 15235 | D:11     | 15235 ||| FLEEEEING.
 15236 | D:11     | 15236 ||| FLEEEEING.
 15239 | D:11     | 15239 ||| FLEEEEING.
 15240 | D:11     | 15240 ||| FLEEEEING.
 15241 | D:11     | 15241 ||| FLEEEEING.
 15242 | D:11     | 15242 ||| FLEEEEING.
 15243 | D:11     | 15243 ||| FLEEEEING.
 15244 | D:11     | 15244 ||| FLEEEEING.
 15245 | D:11     | 15245 ||| FLEEEEING.
 15246 | D:11     | 15246 ||| FLEEEEING.
 15247 | D:11     | 15247 ||| FLEEEEING.
 15248 | D:11     | 15248 ||| FLEEEEING.
 15249 | D:11     | 15249 ||| FLEEEEING.
 15250 | D:11     | 15250 ||| FLEEEEING.
 15252 | D:11     | 15252 ||| FLEEEEING.
 15456 | D:11     | Noticed Josephine
 15463 | D:11     | Killed Josephine
 15464 | D:11     | Reached skill level 13 in Fighting
 15646 | D:11     | Found a staircase to the Orcish Mines.
 15678 | D:11     | 15678 ||| PLANNING D
 15678 | D:11     | 15678 ||| READING scroll labelled MEARASALEL.
 15828 | D:12     | Noticed Gastronok
 15834 | D:12     | Killed Gastronok
 16032 | D:12     | 16032 ||| INVOKING Heroism.
 16033 | D:12     | 16033 ||| INVOKING Finesse.
 16170 | D:12     | Noticed Sonja
 16171 | D:12     | 16171 ||| INVOKING Finesse.
 16176 | D:12     | Killed Sonja
 16225 | D:12     | Reached XP level 15. HP: 98/98 MP: 22/22
 16271 | D:12     | 16271 ||| READING scroll of enchant weapon.
 16271 | D:12     | 16271 ||| ENCHANTING +2 heavy arbalest.
 16377 | D:12     | Found a portal to a secret trove of treasure.
 16615 | D:13     | 16615 ||| INVOKING Heroism.
 16633 | D:13     | 16633 ||| STAIRDANCE
 16838 | D:13     | Identified the +2 robe of Dishonour {Int+3 Dex+2} (Okawaru
                  | gifted it to you on level 13 of the Dungeon)
 16838 | D:13     | Received a gift from Okawaru
 16872 | D:13     | 16872 ||| FLEEEEING.
 16875 | D:13     | 16875 ||| FLEEEEING.
 16877 | D:13     | 16877 ||| FLEEEEING.
 16878 | D:13     | 16878 ||| FLEEEEING.
 16879 | D:13     | 16879 ||| FLEEEEING.
 16880 | D:13     | 16880 ||| STAIRDANCE
 16880 | D:13     | Noticed Frances
 16982 | D:12     | 16982 ||| UPGRADING to +2 robe of Dishonour {Int+3 Dex+2}.
 16992 | D:12     | 16992 ||| DROPPING +0 steam dragon scales.
 16995 | D:13     | 16995 ||| INVOKING Heroism.
 16996 | D:13     | 16996 ||| INVOKING Finesse.
 17004 | D:13     | Killed Frances
 17005 | D:13     | Reached skill level 9 in Dodging
 17223 | D:13     | Found a gate to the Vaults.
 17230 | D:13     | 17230 ||| READING scroll of enchant weapon.
 17230 | D:13     | 17230 ||| ENCHANTING +3 heavy arbalest.
 17443 | D:13     | 17443 ||| UPGRADING to +0 troll leather armour.
 17453 | D:13     | 17453 ||| DROPPING +2 robe of Dishonour {Int+3 Dex+2}.
 17479 | D:14     | 17479 ||| INVOKING Heroism.
 17497 | D:14     | 17497 ||| STAIRDANCE
 17555 | D:14     | 17555 ||| INVOKING Heroism.
 17576 | D:14     | Reached skill level 14 in Fighting
 17615 | D:14     | 17615 ||| INVOKING Heroism.
 17646 | D:14     | 17646 ||| READING scroll of enchant weapon.
 17646 | D:14     | 17646 ||| ENCHANTING +4 heavy arbalest.
 17656 | D:14     | 17656 ||| INVOKING Heroism.
 17834 | D:14     | 17834 ||| INVOKING Heroism.
 17897 | D:14     | Found a runed translucent gate.
 17897 | D:14     | Found a runed translucent gate.
 17897 | D:14     | Found a runed translucent gate.
 17899 | D:14     | Identified the +8 chain mail "Aqulereh" {Str+3 Slay+3}
 17899 | D:14     | Identified the +1 kite shield "Wimais" {Rampage +Inv rN+
                  | Regen+}
 17899 | D:14     | Noticed an orc warlord
 17900 | D:14     | Noticed qw's ghost (journeyman GrHu)
 18133 | D:14     | Identified the +0 fire dragon scales "Vipuywn" {-Cast rF++
                  | rC- Regen+ SInv}
 18142 | D:14     | 18142 ||| READING 11 scrolls of identify.
 18142 | D:14     | 18142 ||| IDENTIFYING purple potion
 18143 | D:14     | 18143 ||| DROPPING potion of brilliance.
 18149 | D:15     | Entered Level 15 of the Dungeon
 18166 | D:15     | 18166 ||| INVOKING Heroism.
 18167 | D:15     | 18167 ||| Stepping ~*~*~tactically~*~*~ (outnumbered).
 18172 | D:15     | Reached skill level 15 in Fighting
 18178 | D:15     | 18178 ||| Stepping ~*~*~tactically~*~*~ (outnumbered).
 18253 | D:15     | 18253 ||| INVOKING Heroism.
 18264 | D:15     | Found Xassebbu's Book Shoppe.
 18312 | D:15     | Found Plog's Assorted Antiques.
 18321 | D:15     | 18321 ||| BUYING pair of runed gloves (232 gold).
 18321 | D:15     | Bought a pair of runed gloves for 232 gold pieces
 18321 | D:15     | 18321 ||| BUYING potion of mutation (248 gold).
 18321 | D:15     | Bought a potion of mutation for 248 gold pieces
 18321 | D:15     | 18321 ||| BUYING scroll of enchant weapon (232 gold).
 18321 | D:15     | Bought a scroll of enchant weapon for 232 gold pieces
 18321 | D:15     | 18321 ||| READING scroll of enchant weapon.
 18321 | D:15     | 18321 ||| ENCHANTING +5 heavy arbalest.
 18367 | D:15     | Found a frozen archway.
 18367 | D:15     | Noticed an azure jelly
 18368 | D:15     | 18368 ||| INVOKING Heroism.
 18375 | D:15     | Killed an azure jelly
 18501 | D:15     | 18501 ||| INVOKING Heroism.
 18537 | D:15     | 18537 ||| FLEEEEING.
 18538 | D:15     | 18538 ||| FLEEEEING.
 18540 | D:15     | 18540 ||| FLEEEEING.
 18541 | D:15     | 18541 ||| FLEEEEING.
 18545 | D:15     | 18545 ||| FLEEEEING.
 18546 | D:15     | 18546 ||| FLEEEEING.
 18547 | D:15     | 18547 ||| FLEEEEING.
 18551 | D:15     | 18551 ||| FLEEEEING.
 18592 | D:15     | Found Acucop's Magic Scroll Shop.
 18597 | D:15     | 18597 ||| BUYING scroll of enchant armour (90 gold).
 18597 | D:15     | Bought a scroll of enchant armour for 90 gold pieces
 18597 | D:15     | 18597 ||| BUYING scroll of teleportation (36 gold).
 18597 | D:15     | Bought a scroll of teleportation for 36 gold pieces
 18597 | D:15     | 18597 ||| READING scroll of enchant armour.
 18597 | D:15     | 18597 ||| ENCHANTING +0 pair of boots.
 18605 | D:15     | Found a staircase to the Depths.
 18652 | D:15     | 18652 ||| DROPPING +0 pair of gloves of infusion.
 18668 | D:15     | Reached XP level 16. HP: 110/110 MP: 23/23
 18862 | D:15     | 18862 ||| PLANNING ORC
 18960 | Orc:1    | Entered Level 1 of the Orcish Mines
 18961 | Orc:1    | 18961 ||| INVOKING Heroism.
 18968 | Orc:1    | 18968 ||| STAIRDANCE
 18970 | D:11     | 18970 ||| DRINKING 9 potions of curing.
 18970 | D:11     | 18970 ||| (to cure confusion)
 18972 | D:11     | Reached skill level 16 in Fighting
 19038 | Orc:1    | 19038 ||| FLEEEEING.
 19039 | Orc:1    | 19039 ||| FLEEEEING.
 19040 | Orc:1    | 19040 ||| STAIRDANCE
 19130 | Orc:1    | 19130 ||| INVOKING Heroism.
 19431 | Orc:2    | Entered Level 2 of the Orcish Mines
 19432 | Orc:2    | 19432 ||| INVOKING Heroism.
 19469 | Orc:2    | Found a shimmering blue altar of Sif Muna.
 19571 | Orc:2    | 19571 ||| INVOKING Heroism.
 19615 | Orc:2    | 19615 ||| DRINKING 8 potions of curing.
 19615 | Orc:2    | 19615 ||| (to cure confusion)
 19644 | Orc:2    | 19644 ||| INVOKING Heroism.
 19662 | Orc:2    | HP: 24/111 [orc warrior/+0 dire flail (16)]
 19663 | Orc:2    | 19663 ||| READING 5 scrolls of teleportation.
 19663 | Orc:2    | HP: 9/111 [orc knight/+0 long sword (16)]
 19664 | Orc:2    | 19664 ||| DRINKING potion of heal wounds.
 19733 | Orc:2    | 19733 ||| INVOKING Heroism.
 19753 | Orc:2    | 19753 ||| Stepping ~*~*~tactically~*~*~ (outnumbered).
 19764 | Orc:2    | Reached skill level 17 in Fighting
 19764 | Orc:2    | 19764 ||| INVOKING Heroism.
 19765 | Orc:2    | HP: 23/112 [orc knight/+0 great sword (18)]
 19766 | Orc:2    | 19766 ||| READING 4 scrolls of teleportation.
 19767 | Orc:2    | Noticed Erolcha
 19767 | Orc:2    | HP: 4/112 [orc knight/+2 halberd (21)]
 19984 | Orc:2    | Killed Erolcha
 19993 | Orc:2    | 19993 ||| INVOKING Heroism.
 19996 | Orc:2    | 19996 ||| Stepping ~*~*~tactically~*~*~ (outnumbered).
 20128 | Orc:2    | Found a staircase to the Elven Halls.
 20129 | Orc:2    | 20129 ||| INVOKING Heroism.
 20180 | Orc:2    | Found Xiono's Assorted Antiques.
 20180 | Orc:2    | Found Yqublo's Distillery.
 20186 | Orc:2    | 20186 ||| BUYING potion of curing (63 gold).
 20186 | Orc:2    | Bought a potion of curing for 63 gold pieces
 20195 | Orc:2    | 20195 ||| BUYING potion of heal wounds (85 gold).
 20195 | Orc:2    | Bought a potion of heal wounds for 85 gold pieces
 20195 | Orc:2    | 20195 ||| BUYING potion of heal wounds (85 gold).
 20195 | Orc:2    | Bought a potion of heal wounds for 85 gold pieces
 20195 | Orc:2    | 20195 ||| BUYING potion of lignification (51 gold).
 20195 | Orc:2    | Bought a potion of lignification for 51 gold pieces
 20195 | Orc:2    | 20195 ||| BUYING potion of might (68 gold).
 20195 | Orc:2    | Bought a potion of might for 68 gold pieces
 20306 | Orc:2    | Found Mirhissa's Antique Weapon Shop.
 20306 | Orc:2    | Found Nipnikori's Jewellery Shoppe.
 20320 | Orc:2    | 20320 ||| BUYING amulet of reflection (420 gold).
 20320 | Orc:2    | Bought an amulet of reflection for 420 gold pieces
 20320 | Orc:2    | 20320 ||| BUYING ring of protection from cold (350 gold).
 20320 | Orc:2    | Bought a ring of protection from cold for 350 gold pieces
 20320 | Orc:2    | 20320 ||| SHOPLISTING ring of resist corrosion (280 gold,
                  | have 74).
 20320 | Orc:2    | 20320 ||| SHOPLISTING ring of see invisible (210 gold, have
                  | 74).
 20320 | Orc:2    | 20320 ||| SHOPLISTING ring of willpower (350 gold, have
                  | 74).
 20400 | Orc:2    | 20400 ||| FLEEEEING.
 20401 | Orc:2    | 20401 ||| FLEEEEING.
 20484 | Orc:2    | 20484 ||| PLANNING SNAKE:1-3
 20638 | Snake:1  | Entered Level 1 of the Snake Pit
 20639 | Snake:1  | 20639 ||| INVOKING Heroism.
 20640 | Snake:1  | 20640 ||| Stepping ~*~*~tactically~*~*~ (outnumbered).
 20664 | Snake:1  | 20664 ||| Stepping ~*~*~tactically~*~*~ (outnumbered).
 20667 | Snake:1  | 20667 ||| Stepping ~*~*~tactically~*~*~ (outnumbered).
 20684 | Snake:1  | 20684 ||| Stepping ~*~*~tactically~*~*~ (outnumbered).
 20942 | Snake:1  | 20942 ||| INVOKING Heroism.
 20988 | Snake:1  | 20988 ||| UPGRADING to +0 longbow.
 20989 | Snake:1  | 20989 ||| DROPPING +6 heavy arbalest.
 20990 | Snake:1  | 20990 ||| READING scroll of brand weapon.
 20990 | Snake:1  | 20990 ||| BRANDING +0 longbow.
 21011 | Snake:1  | Noticed Kirke
 21012 | Snake:1  | 21012 ||| DRINKING potion of cancellation.
 21013 | Snake:1  | 21013 ||| INVOKING Heroism.
 21014 | Snake:1  | 21014 ||| INVOKING Finesse.
 21023 | Snake:1  | Killed Kirke
 21072 | Snake:1  | 21072 ||| READING scroll of enchant armour.
 21072 | Snake:1  | 21072 ||| ENCHANTING +1 pair of boots.
 21396 | Snake:1  | 21396 ||| READING 10 scrolls of identify.
 21396 | Snake:1  | 21396 ||| IDENTIFYING coppery potion
 21397 | Snake:1  | 21397 ||| DROPPING potion of enlightenment.
 21488 | Snake:2  | 21488 ||| READING scroll of acquirement.
 21488 | Snake:2  | 21488 ||| ACQUIRING ring of resist corrosion
 21488 | Snake:2  | Acquired a ring of resist corrosion
 21533 | Snake:2  | 21533 ||| READING scroll of enchant armour.
 21533 | Snake:2  | 21533 ||| ENCHANTING +0 cloak.
 21607 | Snake:2  | Noticed a nagaraja
 21608 | Snake:2  | 21608 ||| INVOKING Heroism.
 21618 | Snake:2  | Killed a nagaraja
 21670 | Snake:2  | Found Taestryhesh's Book Boutique.
 21670 | Snake:2  | Found Jijin's Jewellery Shoppe.
 21671 | Snake:2  | Found Loebi's Book Boutique.
 21679 | Snake:2  | 21679 ||| BUYING +4 ring of protection (576 gold).
 21679 | Snake:2  | Bought a +4 ring of protection for 576 gold pieces
 21679 | Snake:2  | 21679 ||| SHOPLISTING amulet "Goimoynk" {Acrobat Will+
                  | SInv} (748 gold, have 59).
 21679 | Snake:2  | 21679 ||| SHOPLISTING ring "Weitha" {rElec rF- Str+4 Dex+6}
                  | (822 gold, have 59).
 21725 | Snake:2  | 21725 ||| Stepping ~*~*~tactically~*~*~ (outnumbered).
 21727 | Snake:2  | 21727 ||| Stepping ~*~*~tactically~*~*~ (outnumbered).
 21729 | Snake:2  | 21729 ||| Stepping ~*~*~tactically~*~*~ (outnumbered).
 21731 | Snake:2  | 21731 ||| Stepping ~*~*~tactically~*~*~ (outnumbered).
 21733 | Snake:2  | 21733 ||| Stepping ~*~*~tactically~*~*~ (outnumbered).
 21765 | Snake:2  | Identified the +4 scale mail "Dalet" {rC+}
 21843 | Snake:2  | 21843 ||| DROPPING +6 ring of strength.
 21990 | Snake:3  | Noticed a nagaraja
 21990 | Snake:3  | 21990 ||| INVOKING Heroism.
 21998 | Snake:3  | Killed a nagaraja
 21999 | Snake:3  | Reached XP level 17. HP: 111/117 MP: 22/24
 22148 | Snake:3  | 22148 ||| INVOKING Heroism.
 22168 | Snake:3  | Received a gift from Okawaru
 22371 | Snake:3  | 22371 ||| Stepping ~*~*~tactically~*~*~ (outnumbered).
 22388 | Snake:3  | Noticed Vashnia
 22389 | Snake:3  | 22389 ||| INVOKING Heroism.
 22390 | Snake:3  | 22390 ||| Stepping ~*~*~tactically~*~*~ (outnumbered).
 22391 | Snake:3  | 22391 ||| Stepping ~*~*~tactically~*~*~ (outnumbered).
 22436 | Snake:3  | HP: 20/118 [Vashnia/bolt (12)]
 22437 | Snake:3  | 22437 ||| READING 4 scrolls of teleportation.
 22438 | Snake:3  | 22438 ||| FLEEEEING.
 22439 | Snake:3  | 22439 ||| FLEEEEING.
 22440 | Snake:3  | 22440 ||| FLEEEEING.
 22441 | Snake:3  | 22441 ||| FLEEEEING.
 22641 | Snake:3  | 22641 ||| Stepping ~*~*~tactically~*~*~ (outnumbered).
 22643 | Snake:3  | 22643 ||| Stepping ~*~*~tactically~*~*~ (outnumbered).
 22645 | Snake:3  | 22645 ||| Stepping ~*~*~tactically~*~*~ (outnumbered).
 22647 | Snake:3  | 22647 ||| Stepping ~*~*~tactically~*~*~ (outnumbered).
 22693 | Snake:3  | 22693 ||| INVOKING Heroism.
 22970 | Snake:3  | Found a glowing silver altar of Zin.
 23041 | Snake:3  | 23041 ||| INVOKING Heroism.
 23064 | Snake:3  | Killed Vashnia
 23065 | Snake:3  | Reached skill level 18 in Fighting
 23172 | Snake:3  | 23172 ||| PLANNING SWAMP:1-3
 23290 | Swamp:1  | Entered Level 1 of the Swamp
 23291 | Swamp:1  | 23291 ||| INVOKING Heroism.
 23342 | Swamp:1  | 23342 ||| INVOKING Heroism.
 23453 | Swamp:1  | 23453 ||| INVOKING Heroism.
 23456 | Swamp:1  | Received a gift from Okawaru
 23492 | Swamp:1  | 23492 ||| INVOKING Heroism.
 23592 | Swamp:1  | 23592 ||| INVOKING Heroism.
 23684 | Swamp:1  | 23684 ||| INVOKING Heroism.
 23737 | Swamp:1  | 23737 ||| INVOKING Heroism.
 23791 | Swamp:1  | 23791 ||| INVOKING Heroism.
 23817 | Swamp:1  | 23817 ||| READING scroll of enchant weapon.
 23817 | Swamp:1  | 23817 ||| ENCHANTING +0 longbow of flaming.
 23931 | Swamp:1  | Found a runed translucent door.
 23933 | Swamp:1  | Noticed qw's ghost (adept GrFi)
 24853 | Swamp:2  | 24853 ||| DROPPING amulet of guardian spirit.
 24861 | Swamp:1  | 24861 ||| INVOKING Heroism.
 24898 | Swamp:1  | 24898 ||| INVOKING Heroism.
 24925 | Swamp:1  | 24925 ||| Stepping ~*~*~tactically~*~*~ (outnumbered).
 24927 | Swamp:1  | 24927 ||| Stepping ~*~*~tactically~*~*~ (outnumbered).
 24946 | Swamp:1  | 24946 ||| INVOKING Heroism.
 24958 | Swamp:1  | HP: 22/120 [spriggan berserker/+0 rapier (16)]
 24959 | Swamp:1  | 24959 ||| READING 3 scrolls of teleportation.
 24960 | Swamp:1  | 24960 ||| DRINKING 7 potions of heal wounds.
 24960 | Swamp:1  | HP: 10/120 [spriggan berserker/+0 rapier (24)]
 24961 | Swamp:1  | 24961 ||| DRINKING 6 potions of heal wounds.
 24966 | Swamp:1  | HP: 21/120 [spriggan air mage/the air (13)]
 24967 | Swamp:1  | 24967 ||| READING 2 scrolls of teleportation.
 24968 | Swamp:1  | 24968 ||| DRINKING 5 potions of heal wounds.
 25251 | Swamp:2  | 25251 ||| INVOKING Heroism.
 25257 | Swamp:2  | Reached skill level 19 in Fighting
 25426 | Swamp:2  | 25426 ||| INVOKING Heroism.
 25634 | Swamp:3  | Reached XP level 18. HP: 128/128 MP: 25/25
 25646 | Swamp:3  | 25646 ||| INVOKING Heroism.
 25721 | Swamp:3  | 25721 ||| INVOKING Heroism.
 25807 | Swamp:3  | 25807 ||| INVOKING Heroism.
 25869 | Swamp:3  | Reached skill level 12 in Dodging
 26077 | Swamp:3  | 26077 ||| PLANNING SNAKE:4
 26206 | Snake:4  | Entered Level 4 of the Snake Pit
 26245 | Snake:4  | 26245 ||| INVOKING Heroism.
 26246 | Snake:4  | 26246 ||| Stepping ~*~*~tactically~*~*~ (outnumbered).
 26250 | Snake:4  | 26250 ||| Stepping ~*~*~tactically~*~*~ (outnumbered).
 26385 | Snake:4  | 26385 ||| INVOKING Heroism.
 26386 | Snake:4  | 26386 ||| Stepping ~*~*~tactically~*~*~ (outnumbered).
 26393 | Snake:4  | 26393 ||| Stepping ~*~*~tactically~*~*~ (outnumbered).
 26394 | Snake:4  | 26394 ||| Stepping ~*~*~tactically~*~*~ (outnumbered).
 26446 | Snake:4  | 26446 ||| INVOKING Heroism.
 26447 | Snake:4  | 26447 ||| Stepping ~*~*~tactically~*~*~ (outnumbered).
 26453 | Snake:4  | 26453 ||| Stepping ~*~*~tactically~*~*~ (outnumbered).
 26456 | Snake:4  | 26456 ||| Stepping ~*~*~tactically~*~*~ (outnumbered).
 26477 | Snake:4  | Identified the +10 shortbow of Taqyumme {speed, rPois}
                  | (Okawaru gifted it to you on level 4 of the Snake Pit)
 26477 | Snake:4  | Received a gift from Okawaru
 26483 | Snake:4  | Reached skill level 20 in Fighting
 26487 | Snake:4  | HP: 28/129 [naga sharpshooter/bolt (23)]
 26488 | Snake:4  | 26488 ||| READING 2 scrolls of teleportation.
 26489 | Snake:4  | 26489 ||| DRINKING 4 potions of heal wounds.
 26523 | Snake:4  | 26523 ||| FLEEEEING.
 26524 | Snake:4  | 26524 ||| FLEEEEING.
 26601 | Snake:4  | 26601 ||| INVOKING Heroism.
 26604 | Snake:4  | 26604 ||| Stepping ~*~*~tactically~*~*~ (outnumbered).
 26822 | Snake:4  | 26822 ||| INVOKING Heroism.
 26881 | Snake:4  | 26881 ||| INVOKING Heroism.
 26882 | Snake:4  | 26882 ||| Stepping ~*~*~tactically~*~*~ (outnumbered).
 26883 | Snake:4  | 26883 ||| Stepping ~*~*~tactically~*~*~ (outnumbered).
 26893 | Snake:4  | 26893 ||| Stepping ~*~*~tactically~*~*~ (outnumbered).
 26898 | Snake:4  | 26898 ||| Stepping ~*~*~tactically~*~*~ (outnumbered).
 26913 | Snake:4  | Reached skill level 12 in Armour
 26929 | Snake:4  | 26929 ||| INVOKING Heroism.
 27065 | Snake:4  | Got a serpentine rune of Zot
 27197 | Snake:4  | 27197 ||| INVOKING Heroism.
 27206 | Snake:4  | 27206 ||| Stepping ~*~*~tactically~*~*~ (outnumbered).
 27228 | Snake:4  | Found a burning altar of Makhleb.
 27307 | Snake:4  | Found Neir's Antique Armour Shop.
 27311 | Snake:4  | Found Ugesein's Weapon Shop.
 27362 | Snake:4  | 27362 ||| Stepping ~*~*~tactically~*~*~ (outnumbered).
 27365 | Snake:4  | 27365 ||| Stepping ~*~*~tactically~*~*~ (outnumbered).
 27367 | Snake:4  | 27367 ||| Stepping ~*~*~tactically~*~*~ (outnumbered).
 27377 | Snake:4  | 27377 ||| Stepping ~*~*~tactically~*~*~ (outnumbered).
 27492 | Snake:4  | 27492 ||| PLANNING VAULTS:1-4
 27492 | Snake:4  | 27492 ||| DROPPING +1 robe of cold resistance.
 27493 | Snake:4  | 27493 ||| DROPPING scarf of invisibility.
 27718 | Vaults:1 | Entered Level 1 of the Vaults
 27755 | Vaults:1 | 27755 ||| INVOKING Heroism.
 27793 | Vaults:1 | Paralysed by a sphinx for 2 turns
 27838 | Vaults:1 | 27838 ||| Stepping ~*~*~tactically~*~*~ (outnumbered).
 27840 | Vaults:1 | 27840 ||| Stepping ~*~*~tactically~*~*~ (outnumbered).
 27845 | Vaults:1 | 27845 ||| Stepping ~*~*~tactically~*~*~ (outnumbered).
 27972 | Vaults:1 | 27972 ||| INVOKING Heroism.
 28110 | Vaults:1 | 28110 ||| READING scroll of enchant weapon.
 28110 | Vaults:1 | 28110 ||| ENCHANTING +1 longbow of flaming.
 28179 | Vaults:1 | Found a runed translucent door.
 28182 | Vaults:1 | Noticed qw's ghost (adept GrHu)
 28452 | Vaults:1 | 28452 ||| Stepping ~*~*~tactically~*~*~ (outnumbered).
 28456 | Vaults:1 | 28456 ||| Stepping ~*~*~tactically~*~*~ (outnumbered).
 28601 | Vaults:1 | 28601 ||| READING scroll of enchant armour.
 28601 | Vaults:1 | 28601 ||| ENCHANTING +1 cloak.
 28659 | Vaults:1 | 28659 ||| INVOKING Heroism.
 28687 | Vaults:1 | Reached XP level 19. HP: 136/136 MP: 26/26
 28800 | Vaults:1 | Found a transporter.
 28838 | Vaults:1 | Found a transporter.
 29734 | Vaults:1 | 29734 ||| Stepping randomly (stuck).
 29784 | Vaults:2 | 29784 ||| INVOKING Heroism.
 29785 | Vaults:2 | 29785 ||| INVOKING Finesse.
 29849 | Vaults:2 | 29849 ||| FLEEEEING.
 29851 | Vaults:2 | 29851 ||| FLEEEEING.
 29852 | Vaults:2 | 29852 ||| FLEEEEING.
 29853 | Vaults:2 | 29853 ||| FLEEEEING.
 29854 | Vaults:2 | 29854 ||| FLEEEEING.
 29858 | Vaults:2 | 29858 ||| FLEEEEING.
 29859 | Vaults:2 | 29859 ||| FLEEEEING.
 29860 | Vaults:2 | 29860 ||| FLEEEEING.
 29861 | Vaults:2 | 29861 ||| FLEEEEING.
 29862 | Vaults:2 | 29862 ||| FLEEEEING.
 29863 | Vaults:2 | 29863 ||| FLEEEEING.
 29864 | Vaults:2 | 29864 ||| FLEEEEING.
 29865 | Vaults:2 | 29865 ||| FLEEEEING.
 29866 | Vaults:2 | 29866 ||| FLEEEEING.
 29867 | Vaults:2 | 29867 ||| FLEEEEING.
 29868 | Vaults:2 | 29868 ||| FLEEEEING.
 29870 | Vaults:2 | 29870 ||| STAIRDANCE
 29949 | Vaults:2 | 29949 ||| INVOKING Heroism.
 30021 | Vaults:2 | Found a runed translucent door.
 30022 | Vaults:2 | 30022 ||| INVOKING Heroism.
 30041 | Vaults:2 | 30041 ||| Stepping ~*~*~tactically~*~*~ (outnumbered).
 30060 | Vaults:2 | Reached skill level 21 in Fighting
 30122 | Vaults:2 | 30122 ||| INVOKING Heroism.
 30245 | Vaults:2 | 30245 ||| INVOKING Heroism.
 30361 | Vaults:2 | 30361 ||| INVOKING Heroism.
 30389 | Vaults:2 | Found Nicaelin's Armour Boutique.
 30399 | Vaults:2 | 30399 ||| BUYING +4 ring mail of the Rose {Will+} (549
                  | gold).
 30399 | Vaults:2 | Bought the +4 ring mail of the Rose {Will+} for 549 gold
                  | pieces
 30499 | Vaults:2 | 30499 ||| READING scroll of enchant weapon.
 30499 | Vaults:2 | 30499 ||| ENCHANTING +2 longbow of flaming.
 30510 | Vaults:2 | 30510 ||| INVOKING Heroism.
 30534 | Vaults:2 | Received a gift from Okawaru
 30638 | Vaults:2 | 30638 ||| INVOKING Heroism.
 30729 | Vaults:2 | 30729 ||| FLEEEEING.
 30730 | Vaults:2 | 30730 ||| FLEEEEING.
 30731 | Vaults:2 | 30731 ||| FLEEEEING.
 30732 | Vaults:2 | 30732 ||| FLEEEEING.
 30733 | Vaults:2 | 30733 ||| FLEEEEING.
 30734 | Vaults:2 | 30734 ||| FLEEEEING.
 30735 | Vaults:2 | 30735 ||| FLEEEEING.
 30736 | Vaults:2 | 30736 ||| STAIRDANCE
 30775 | Vaults:1 | 30775 ||| DROPPING +2 hat.
 30776 | Vaults:1 | 30776 ||| UPGRADING to +4 ring mail of the Rose {Will+}.
 30810 | Vaults:2 | 30810 ||| STAIRDANCE
 30919 | Vaults:2 | 30919 ||| Stepping ~*~*~tactically~*~*~ (outnumbered).
 30921 | Vaults:2 | 30921 ||| Stepping ~*~*~tactically~*~*~ (outnumbered).
 31124 | Vaults:2 | 31124 ||| INVOKING Heroism.
 31125 | Vaults:2 | 31125 ||| Stepping ~*~*~tactically~*~*~ (outnumbered).
 31241 | Vaults:2 | 31241 ||| Stepping ~*~*~tactically~*~*~ (outnumbered).
 31243 | Vaults:2 | 31243 ||| Stepping ~*~*~tactically~*~*~ (outnumbered).
 31976 | Vaults:2 | 31976 ||| Stepping randomly (stuck).
 32004 | Vaults:3 | 32004 ||| FLEEEEING.
 32008 | Vaults:3 | 32008 ||| STAIRDANCE
 32287 | Vaults:3 | Noticed Xtahua
 32288 | Vaults:3 | 32288 ||| DRINKING potion of resistance.
 32295 | Vaults:3 | 32295 ||| Stepping ~*~*~tactically~*~*~ (outnumbered).
 32318 | Vaults:3 | Killed Xtahua
 32318 | Vaults:3 | Identified the +10 arbalest of Okawaru's Wrath {freeze,
                  | rPois rN+} (Okawaru gifted it to you on level 3 of the
                  | Vaults)
 32318 | Vaults:3 | Received a gift from Okawaru
 32613 | Vaults:3 | 32613 ||| FLEEEEING.
 32614 | Vaults:3 | 32614 ||| FLEEEEING.
 32615 | Vaults:3 | 32615 ||| FLEEEEING.
 32716 | Vaults:3 | 32716 ||| INVOKING Heroism.
 32888 | Vaults:3 | 32888 ||| Stepping ~*~*~tactically~*~*~ (outnumbered).
 32890 | Vaults:3 | 32890 ||| FLEEEEING.
 32891 | Vaults:3 | 32891 ||| FLEEEEING.
 32892 | Vaults:3 | 32892 ||| FLEEEEING.
 32893 | Vaults:3 | 32893 ||| STAIRDANCE
 32971 | Vaults:2 | 32971 ||| READING 12 scrolls of identify.
 32971 | Vaults:2 | 32971 ||| IDENTIFYING blue potion
 32972 | Vaults:2 | 32972 ||| DROPPING potion of ambrosia.
 33133 | Vaults:3 | 33133 ||| INVOKING Heroism.
 33135 | Vaults:3 | 33135 ||| Stepping ~*~*~tactically~*~*~ (outnumbered).
 33176 | Vaults:3 | 33176 ||| FLEEEEING.
 33177 | Vaults:3 | 33177 ||| FLEEEEING.
 33182 | Vaults:3 | 33182 ||| FLEEEEING.
 33183 | Vaults:3 | 33183 ||| FLEEEEING.
 33184 | Vaults:3 | 33184 ||| FLEEEEING.
 33185 | Vaults:3 | 33185 ||| FLEEEEING.
 33276 | Vaults:3 | Found a staircase to the Crypt.
 33302 | Vaults:3 | 33302 ||| Stepping ~*~*~tactically~*~*~ (outnumbered).
 33304 | Vaults:3 | 33304 ||| Stepping ~*~*~tactically~*~*~ (outnumbered).
 33312 | Vaults:3 | 33312 ||| Stepping ~*~*~tactically~*~*~ (outnumbered).
 33313 | Vaults:3 | 33313 ||| Stepping ~*~*~tactically~*~*~ (outnumbered).
 33324 | Vaults:3 | Reached XP level 20. HP: 126/145 MP: 27/27
 33451 | Vaults:3 | Identified the scarf "Taocrom" {repulsion, rC+ Int+5}
                  | (Okawaru gifted it to you on level 3 of the Vaults)
 33451 | Vaults:3 | Received a gift from Okawaru
 33527 | Vaults:3 | 33527 ||| UPGRADING to scarf "Taocrom" {repulsion, rC+
                  | Int+5}.
 33548 | Vaults:3 | Reached skill level 22 in Fighting
 33610 | Vaults:3 | 33610 ||| UPGRADING to +2 cloak.
 33615 | Vaults:3 | 33615 ||| UPGRADING to scarf "Taocrom" {repulsion, rC+
                  | Int+5}.
 33754 | Vaults:3 | Identified the +4 arbalest of the Pariah {elec, rF- MP+9
                  | Int+3 Stlth+}
 33908 | Vaults:4 | 33908 ||| PLANNING WIZLAB
 33924 | Vaults:4 | 33924 ||| INVOKING Heroism.
 34146 | Vaults:4 | 34146 ||| Stepping ~*~*~tactically~*~*~ (outnumbered).
 34159 | Vaults:4 | 34159 ||| Stepping ~*~*~tactically~*~*~ (outnumbered).
 34166 | Vaults:4 | 34166 ||| INVOKING Heroism.
 34707 | Vaults:4 | 34707 ||| RIP WIZLAB
 34714 | Vaults:4 | 34714 ||| PLANNING VAULTS:1-4
 34719 | Vaults:4 | Reached skill level 23 in Fighting
 34731 | Vaults:4 | 34731 ||| Stepping ~*~*~tactically~*~*~ (outnumbered).
 34733 | Vaults:4 | 34733 ||| Stepping ~*~*~tactically~*~*~ (outnumbered).
 34972 | Vaults:4 | Found Saqop's Book Shop.
 35011 | Vaults:4 | 35011 ||| INVOKING Heroism.
 35287 | Vaults:4 | 35287 ||| INVOKING Heroism.
 35294 | Vaults:4 | 35294 ||| DRINKING 10 potions of curing.
 35294 | Vaults:4 | 35294 ||| (to cure confusion)
 35299 | Vaults:4 | Received a gift from Okawaru
 35422 | Vaults:4 | 35422 ||| Stepping ~*~*~tactically~*~*~ (outnumbered).
 35427 | Vaults:4 | 35427 ||| Stepping ~*~*~tactically~*~*~ (outnumbered).
 35561 | Vaults:4 | 35561 ||| INVOKING Heroism.
 35766 | Vaults:4 | 35766 ||| PLANNING SWAMP:4
 35766 | Vaults:4 | 35766 ||| DROPPING +2 robe of cold resistance.
 36122 | Swamp:4  | Entered Level 4 of the Swamp
 36122 | Swamp:4  | Noticed Louise
 36128 | Swamp:4  | Killed Louise
 36232 | Swamp:4  | 36232 ||| INVOKING Heroism.
 36235 | Swamp:4  | Reached skill level 24 in Fighting
 36315 | Swamp:4  | 36315 ||| FLEEEEING.
 36325 | Swamp:4  | 36325 ||| STAIRDANCE
 36401 | Swamp:4  | Identified the +1 scale mail "Noecis" {rC+ Will- rCorr
                  | Str+3} (Okawaru gifted it to you on level 4 of the Swamp)
 36401 | Swamp:4  | Received a gift from Okawaru
 36525 | Swamp:4  | 36525 ||| Stepping ~*~*~tactically~*~*~ (cloud).
 36545 | Swamp:4  | 36545 ||| Stepping ~*~*~tactically~*~*~ (outnumbered).
 36546 | Swamp:4  | 36546 ||| Stepping ~*~*~tactically~*~*~ (outnumbered).
 36553 | Swamp:4  | 36553 ||| FLEEEEING.
 36554 | Swamp:4  | 36554 ||| FLEEEEING.
 36635 | Swamp:4  | Reached skill level 15 in Armour
 36647 | Swamp:4  | Got a decaying rune of Zot
 36663 | Swamp:4  | 36663 ||| Stepping ~*~*~tactically~*~*~ (outnumbered).
 36668 | Swamp:4  | 36668 ||| INVOKING Heroism.
 36671 | Swamp:4  | 36671 ||| Stepping ~*~*~tactically~*~*~ (outnumbered).
 36722 | Swamp:4  | Identified the +4 falchion "Fecil" {flame, Will++ Int+2}
 36779 | Swamp:4  | Reached XP level 21. HP: 156/156 MP: 28/28
 36821 | Swamp:4  | 36821 ||| PLANNING DEPTHS
 37059 | Depths:1 | Entered Level 1 of the Depths
 37081 | Depths:1 | 37081 ||| INVOKING Heroism.
 37089 | Depths:1 | HP: 37/156 [green very ugly thing (7)]
 37090 | Depths:1 | 37090 ||| READING 2 scrolls of teleportation.
 37090 | Depths:1 | HP: 17/156 [cyan ugly thing (5)]
 37091 | Depths:1 | 37091 ||| DRINKING 5 potions of heal wounds.
 37092 | Depths:1 | 37092 ||| DRINKING 4 potions of heal wounds.
 37098 | Depths:1 | HP: 33/156 [spark wasp (12)]
 37099 | Depths:1 | 37099 ||| READING scroll of teleportation.
 37099 | Depths:1 | HP: 15/156 [spark wasp (4)]
 37100 | Depths:1 | 37100 ||| DRINKING 3 potions of heal wounds.
 37142 | Depths:1 | 37142 ||| INVOKING Heroism.
 37147 | Depths:1 | HP: 37/156 [green ugly thing (4)]
 37148 | Depths:1 | 37148 ||| DRINKING 2 potions of heal wounds.
 37160 | Depths:1 | HP: 36/156 [fire dragon (6)]
 37161 | Depths:1 | 37161 ||| DRINKING potion of heal wounds.
 37173 | Depths:1 | HP: 26/156 [fire dragon/blast of flame (17)]
 37175 | Depths:1 | 37175 ||| INVOKING Heroism.
 37179 | Depths:1 | HP: 11/156 [death yak[a spriggan berserker] (17)]
 37180 | Depths:1 | Annihilated by a death yak

Levels and vault maps discovered:
D:1:      amcnicky_arrival_double_pillar, layout_basic,
          dreamdust_ecumenical_altar_drowned_temple
D:2:      layout_basic
D:3:      layout_loops_cross, nicolae_wu_jian_wuxing_cycle,
          nicolae_uskayaw_dance_hall, serial_shops, shop,
          grunt_decor_resistance, patterned_corridor
D:4:      layout_basic, fedhas_altar_fruit_tree, general_overflow_altar,
          gammafunk_ghost_stat_death
D:5:      layout_loops_cross, mainiacjoe_overflow_small_starburst,
          mainiacjoe_overflow_large_starburst, temple_pool_b, fountainhead,
          minmay_misc_feat_five, minmay_bent
D:6:      layout_cave_pools, mainiacjoe_overflow_alcove_1,
          nicolae_hepliaklqana_hippocampus, serial_shops,
          nicolae_shop_behind_doors, chequers_serial_rivers_marsh,
          chequers_garden, uniq_edmund, uniq_eustachio
D:7:      dreamdust_elfheim, layout_loops_ring, old_standard_altar,
          serial_shops, shop, uniq_menkaure
D:8:      kennysheep_ambush_hall, layout_rooms, mainiacjoe_overflow_24_doors,
          serial_shops, shop, enter_bailey_5, kennysheep_diamond
D:9:      layout_grid_maze
D:10:     layout_loops_corners, evilmike_ruin_ashenzari, kennysheep_slug_shrine
D:11:     cheibrodos_barr_body, layout_loops_ring, hiddenorc2_lemuel,
          hangedman_decor_lopped, chequers_serial_rivers_micro_d, uniq_josephine
D:12:     layout_irregular_city, nicolae_trove_entry_crystal, uniq_sonja,
          uniq_gastronok
D:13:     layout_gridville, david_vaults_1, uniq_frances
D:14:     minmay_curly_fans, layout_rooms, biasface_ghost_orc_armoury
D:15:     gammafunk_depths_entry_grave, layout_gridville,
          portal_ice_cave_entry_frozen_things, serial_shops, shop,
          nicolae_lakefront_shop, shop_statue, minivault_14
Temple:   nicolae_temple_bog_church
Lair:1:   layout_hall_layers, st_stairs_6, nicolae_lair_grazing_beasts
          [nicolae_sub_lair_graze_edge, nicolae_sub_lair_graze_edge,
          nicolae_sub_lair_graze_edge, nicolae_sub_lair_graze_edge],
          grunt_megastairs_1, lemuel_fruit_tree, uniq_nergalle
Lair:2:   layout_loops_ring, swamp_mist, minmay_snake_entry_spellcaster,
          nicolae_lair_grove_arrangements, chequers_serial_rivers_small_a,
          minmay_shattered_shrine
Lair:3:   layout_regular_city
Lair:4:   layout_cave_pods, minmay_slime_entry_oklob_open, gammafunk_ghost_icy
Lair:5:   minmay_lair_end_frog_pond, layout_regular_city,
          gauntlet_entry_generic, nicolae_volcano_entry_batcave
Swamp:1:  nicolae_swamp_secret_spriggan_hideout, layout_falls_marsh,
          ebering_ghost_inner_flame, hangedman_swamp_blocks
Swamp:2:  layout_basic_swamp, evilmike_swamp_ruin_wall, swamp_pool1
Swamp:3:  layout_basic_swamp, evilmike_swamp_ruin_house_6, swamp_pool5
Swamp:4:  swamp_basic_johnstein, layout_basic_swamp, swamp_pool4, uniq_louise
Snake:1:  cheibrodos_snake_ritualist_ritual, layout_gridlike, uniq_kirke
Snake:2:  layout_rooms, serial_bayou_shore_a, minmay_shop_grove
Snake:3:  nicolae_snake_hallway, layout_cave_town, basic_altar,
          grunt_megastairs_2, uniq_vashnia
Snake:4:  grunt_snake_rune_pools, layout_misc_corridors, basic_altar,
          nicolae_wooded_promenade
Orc:1:    layout_caves, abandoned_shop
Orc:2:    st_orc_town, layout_caves, led_sif_book, uniq_erolcha
Vaults:1: hellmonk_ghost_big_iron, gammafunk_its_a_trap,
          nicolae_vaults_sealed_display, ontoclasm_vaults_ring_square,
          nicolae_vaults_windows_and_doors_thing, nicolae_vaults_house_2,
          grunt_vaults_funnel, nicolae_vaults_little_squares_1, v_misc_14,
          layout_vaults_omnigrid
Vaults:2: v_pattern_5, ontoclasm_vaults_shuriken, nicolae_vaults_oozy_zoo,
          v_misc_26, nicolae_vaults_trapezoid_layered, grunt_vaults_diagonal,
          nicolae_vaults_turnstiles, nicolae_vaults_closet_pinwheel_1,
          nicolae_vaults_taking_the_gang_shopping, nicolae_vaults_rhombus_5,
          nicolae_vaults_sesquioval_fish, nicolae_vaults_double_plus_1,
          v_misc_24, layout_vaults_omnicross
Vaults:3: nicolae_vaults_weapon_check, v_misc_22,
          nicolae_vaults_closet_pinwheel_6, nicolae_vaults_tangram_2,
          hangedman_vaults_variations, minmay_crypt_entry_simple_walls,
          nicolae_vaults_yaktaur_gun_rack, nicolae_vaults_trapezoid_lopsided_1,
          vaults_room_fours, vaults_mumra_minichess,
          nicolae_vaults_trapezoid_layered, vaults_dpeg_ring,
          nicolae_vaults_cochlea, vaults_room_fancy_cross,
          ontoclasm_vaults_gateway, layout_vaults_omnibox, uniq_xtahua
Vaults:4: mu_enter_wizlab_3, hangedman_vaults_cutoff,
          nicolae_vaults_circle_grid_b, v_misc_18, grunt_vaults_hallway_long,
          v_rooms_1, ontoclasm_vaults_loading_screen,
          nicolae_vaults_double_plus_1, nicolae_vaults_trapezoid_1, v_misc_14,
          nicolae_vaults_house_3, dpeg_vaults_monster_row, layout_vaults_ring,
          serial_shops, nicolae_shop_mannequins
Depths:1: layout_cave_pools, hangedman_decor_diamond_cutter,
          ebering_ghost_disaster_area, hangedman_geh_valley, guppyfry_shop_earth

Skill      XL: |  1  2  3  4  5  6  7  8  9 10 11 12 13 14 15 16 17 18 19 20 |
---------------+-------------------------------------------------------------+-----
Ranged Weapons | 5 6 7 8 9 10 13 14 15 17 18 19 20 | 20.0
Armour         | 1 2 4 6 7 8 9 10 11 12 14 15 | 15.0
Fighting       | 3 4 5 6 7 8 9 10 11 13 15 17 19 20 21 24 | 24.1
Dodging        | 2 3 4 5 6 7 10 11 13 14 | 14.5
Invocations    | 4 7 10 | 10.0
Stealth        | |  1.1

Action                     |  1- 3 |  4- 6 |  7- 9 | 10-12 | 13-15 | 16-18 | 19-21 || total
---------------------------+-------+-------+-------+-------+-------+-------+-------++-------
   Fire: Shortbow          |   120 |   141 |   407 |    65 |       |       |       ||   733
         Arbalest          |       |       |       |   490 |   689 |   298 |       ||  1477
         Longbow           |       |       |       |       |       |  1216 |  1191 ||  2407
 Invoke: Heroism           |       |       |     6 |    24 |    32 |    45 |    21 ||   128
         Finesse           |       |       |       |       |     6 |     1 |     1 ||     8
    Use: Scroll            |     4 |     4 |     4 |     8 |    11 |    14 |     4 ||    49
         Potion            |     1 |     2 |     2 |       |       |     8 |     7 ||    20
 Armour: Leather armour    |    11 |       |       |       |       |       |       ||    11
         Ring mail         |     4 |    19 |    67 |       |       |       |   283 ||   373
         Steam dragon scal |       |       |    12 |    59 |    39 |       |       ||   110
         Acid dragon scale |       |       |       |   104 |    91 |       |       ||   195
         Troll leather arm |       |       |       |       |    45 |   257 |    21 ||   323
         Robe              |       |       |       |       |     3 |       |       ||     3
  Dodge: Dodged            |    23 |    52 |   183 |   478 |   586 |  1016 |  1015 ||  3353
         Repelled          |       |       |       |       |       |       |     3 ||     3

Table legend:
 A = Non-vault XP
 B = Vault XP
 C = Vault XP percentage of total XP
 D = Non-vault monster count
 E = Vault monster count
 F = Vault count percentage of total count
                 A         B        C        D         E       F
            +---------+---------+-------+---------+---------+-------
      Total |  309253 |  200103 |  39.3 |     841 |     435 |  34.1
            +---------+---------+-------+---------+---------+-------
        D:1 |      32 |       1 |   3.0 |      19 |       1 |   5.0
        D:2 |      21 |       0 |   0.0 |      12 |       0 |   0.0
        D:3 |      58 |       0 |   0.0 |      14 |       0 |   0.0
        D:4 |     491 |       0 |   0.0 |      26 |       0 |   0.0
        D:5 |     767 |     444 |  36.7 |      18 |       7 |  28.0
        D:6 |     759 |     196 |  20.5 |      15 |       1 |   6.2
        D:7 |     577 |     169 |  22.7 |      10 |       1 |   9.1
        D:8 |    1139 |     688 |  37.7 |      18 |      14 |  43.8
        D:9 |    1842 |       0 |   0.0 |      17 |       0 |   0.0
       D:10 |    2195 |       4 |   0.2 |      27 |       1 |   3.6
       D:11 |    4139 |    7517 |  64.5 |      15 |      48 |  76.2
       D:12 |    2088 |    2231 |  51.7 |      12 |       2 |  14.3
       D:13 |    6460 |    2635 |  29.0 |      14 |       4 |  22.2
       D:14 |   12765 |    1646 |  11.4 |      21 |       2 |   8.7
       D:15 |   10732 |    7838 |  42.2 |      21 |      11 |  34.4
     Lair:1 |    3615 |    8664 |  70.6 |      14 |      22 |  61.1
     Lair:2 |    5110 |    7884 |  60.7 |      24 |      15 |  38.5
     Lair:3 |    6826 |       0 |   0.0 |      24 |       0 |   0.0
     Lair:4 |   10025 |    1619 |  13.9 |      33 |       3 |   8.3
     Lair:5 |    8570 |   10602 |  55.3 |      27 |      37 |  57.8
    Swamp:1 |   13850 |    5554 |  28.6 |      31 |      13 |  29.5
    Swamp:2 |    7272 |       0 |   0.0 |      15 |       0 |   0.0
    Swamp:3 |   15022 |     412 |   2.7 |      29 |       3 |   9.4
    Swamp:4 |    9333 |   23765 |  71.8 |      15 |      32 |  68.1
    Snake:1 |   14569 |    4689 |  24.3 |      31 |       8 |  20.5
    Snake:2 |   10000 |       0 |   0.0 |      22 |       0 |   0.0
    Snake:3 |   22397 |   16635 |  42.6 |      39 |      26 |  40.0
    Snake:4 |   17510 |   22432 |  56.2 |      37 |      34 |  47.9
      Orc:1 |    1930 |       0 |   0.0 |      21 |       0 |   0.0
      Orc:2 |    3748 |   10078 |  72.9 |      38 |      64 |  62.7
   Vaults:1 |   14144 |    8163 |  36.6 |      25 |      11 |  30.6
   Vaults:2 |   25408 |   16844 |  39.9 |      47 |      20 |  29.9
   Vaults:3 |   29773 |   19024 |  39.0 |      48 |      24 |  33.3
   Vaults:4 |   29013 |   20369 |  41.2 |      42 |      31 |  42.5
   Depths:1 |   17073 |       0 |   0.0 |      20 |       0 |   0.0
            +---------+---------+-------+---------+---------+-------
